 Dungeon Crawl Stone Soup version 0.22-a0-348-gd16d139 (webtiles) character file.

255 matakusis the Caller (level 5, -4/28 HPs)
             Began as a Deep Elf Summoner on Apr 7, 2018.
             Was an Initiate of Sif Muna.
             Slain by a centaur (5 damage)
             ... on level 5 of the Dungeon.
             The game lasted 00:19:55 (3927 turns).

matakusis the Caller (Deep Elf Summoner)            Turns: 3927, Time: 00:19:55

Health: -4/28      AC:  5    Str:  5    XL:     5   Next: 91%
Magic:  4/14       EV: 29    Int: 21    God:    Sif Muna [......]
Gold:   180        SH:  0    Dex: 15    Spells: 2/13 levels left

rFire    . . .     SeeInvis .   (no weapon)
rCold    . . .     Gourm    .   (no shield)
rNeg     . . .     Faith    .   a - +0 robe
rPois    .         Spirit   .   (no helmet)
rElec    .         Reflect  .   (no cloak)
rCorr    .         Harm     .   (no gloves)
MR       .....                  (no boots)
Stlth    +++.......             n - amulet of the acrobat
HPRegen  0.09/turn              i - +3 ring of protection
MPRegen  0.14/turn              k - ring of stealth

@: very slightly contaminated
A: no striking features
a: Renounce Religion


You were on level 5 of the Dungeon.
You worshipped Sif Muna.
Sif Muna was noncommittal.
You were not hungry.

You visited 1 branch of the dungeon, and saw 5 of its levels.
You also visited: Sewer.

You collected 180 gold pieces.

Inventory:

Missiles
 d - 17 arrows
Armour
 a - a +0 robe (worn)
Jewellery
 i - a +3 ring of protection (left hand)
 k - a ring of stealth (right hand)
 n - an amulet of the acrobat (around neck)
Scrolls
 b - 4 scrolls of identify
 f - a scroll of fog
Potions
 e - 2 potions of curing
 g - 2 potions of heal wounds
 j - 2 potions of haste
 l - a potion of agility
Comestibles
 c - 8 rations


   Skills:
 * Level 3.4 Dodging
 - Level 2.4 Stealth
 + Level 4.7 Spellcasting
 * Level 6.6 Summonings
 * Level 1.5 Ice Magic


You had 2 spell levels left.
You knew the following spells:

 Your Spells              Type           Power        Failure   Level  Hunger
a - Summon Small Mammal   Summ           ####         1%          1    None
b - Call Imp              Summ           ####....     1%          2    None
c - Summon Ice Beast      Ice/Summ       ###.....     21%         4    ####...
d - Summon Lightning Spi  Summ/Air       ###.....     28%         4    ####...


Dungeon Overview and Level Annotations

Branches:
Dungeon (5/15)
 Temple: D:4-7

Altars:
Elyvilon
Sif Muna
Uskayaw
Yredelemnul
The Shining One

Annotations:
D:5 Pikel, Prince Ribbit


Message History

You open the door.
Pikel says, "Why not give up?
You'll get fed.
Maybe."
The centaur closely misses you.
There is an open door here.
The centaur completely misses you.
The slave closely misses your crimson imp.
The centaur hits you but does no damage.
Your crimson imp disappears in a puff of smoke!
The centaur completely misses you. The centaur completely misses you.
The centaur completely misses you. The centaur misses you.
Okay, then.
As you read the scroll of fog, it crumbles to dust.
The scroll dissolves into smoke.
The centaur hits you!
* * * LOW HITPOINT WARNING * * *
The centaur closely misses you. The centaur completely misses you.
The centaur hits you.
You die...

#.# # #.# # #####.# #
#...#.# # #...#.# #
#§§§#.# #
############§§§..#.#####
'.......Kp.§§§§c@.......
##############§###.#.###
# ..... # ###.###
#.....# # #.#.#.#
####.#...#.#
......$..#.#
!.#....xx..#


You could see a centaur.

Vanquished Creatures
  A bat (Sewer)
  A rat (D:3)
2 creatures vanquished.

Vanquished Creatures (collateral kills)
  A crocodile (Sewer)
  2 scorpions
  An orc wizard (D:3)
  Natasha (thrice) (D:3)
  A worker ant (D:5)
  3 adders
  3 oozes
  7 worms
  3 dart slugs
  3 leopard geckos
  10 orcs
  3 giant cockroaches
  8 goblins
  6 hobgoblins
  11 jackals
  4 quokkas
  A ball python (D:4)
  9 bats
  4 frilled lizards
  3 jackal skeletons (D:4)
  3 kobolds
  7 rats
96 creatures vanquished.

Vanquished Creatures (others)
  A quokka (D:3)
1 creature vanquished.

Grand Total: 99 creatures vanquished

Notes
Turn   | Place    | Note
-------+----------+-------------------------------------------
     0 | D:1      | matakusis the Deep Elf Summoner began the quest for the Orb.
     0 | D:1      | Reached XP level 1. HP: 10/10 MP: 6/6
   563 | D:1      | Reached XP level 2. HP: 15/15 MP: 5/8
   575 | D:1      | Learned a level 2 spell: Call Imp
  1041 | D:2      | Reached skill level 5 in Summonings
  1279 | D:2      | Reached XP level 3. HP: 19/19 MP: 5/9
  1636 | D:2      | Found a white marble altar of Elyvilon.
  1819 | D:3      | Found a hide-covered altar of Uskayaw.
  1926 | D:3      | Reached XP level 4. HP: 24/24 MP: 5/11
  1952 | D:3      | Learned a level 4 spell: Summon Ice Beast
  1969 | D:3      | Noticed Natasha
  1982 | D:3      | Killed Natasha
  1989 | D:3      | Noticed Natasha
  1993 | D:3      | Killed Natasha
  1999 | D:3      | Noticed Natasha
  2007 | D:3      | Killed Natasha
  2007 | D:3      | Reached skill level 6 in Summonings
  2132 | D:3      | Found a basalt altar of Yredelemnul.
  2137 | D:3      | Found a glowing golden altar of the Shining One.
  2139 | D:3      | Noticed an angel
  2388 | D:4      | Found a glowing drain.
  2409 | D:4      | Reached XP level 5. HP: 28/28 MP: 5/13
  2422 | Sewer    | Entered a sewer
  2524 | Sewer    | Noticed a crocodile
  2559 | Sewer    | Killed a crocodile
  2727 | D:4      | Found a deep blue altar of Sif Muna.
  2798 | D:4      | Became a worshipper of Sif Muna the Loreminder
  2900 | D:4      | Reached skill level 1 in Ice Magic
  2915 | D:4      | Learned a level 4 spell: Summon Lightning Spire
  3436 | D:5      | Entered Level 5 of the Dungeon
  3481 | D:5      | Noticed a centaur
  3745 | D:5      | Noticed an ogre
  3751 | D:5      | Noticed a small abomination
  3751 | D:5      | Noticed a small abomination
  3846 | D:5      | HP: 1/28 [small abomination[miscasting Summon Lightning Spire] (13)]
  3851 | D:5      | Noticed Prince Ribbit
  3905 | D:5      | Noticed a slave
  3906 | D:5      | Noticed Pikel
  3923 | D:5      | HP: 1/28 [centaur (7)]
  3927 | D:5      | Slain by a centaur

Vault maps used:
D:1:      evilmike_arrival_crescent
D:2:      serial_park_tiny_1, minmay_misc_feat_square, nrook_uturn,
          elyvilon_altar_5
D:3:      grunt_temple_overflow_holy_war, eat_drink_and_be_merry_uskayaw,
          first_ration, uniq_natasha
D:4:      marbit_many_paths, portal_sewer_entry_e
D:5:      minmay_temple_entry_hall, uniq_prince_ribbit1, uniq_pikel,
          uniq_crazy_yiuf_cottage
Sewer:    sewer_big_baddie

Skill      XL: |  1  2  3  4  5 |
---------------+----------------+-----
Summonings     | 5 6 |  6.6
Dodging        | 3 |  3.4
Spellcasting   | 4 |  4.7
Ice Magic      | 1 |  1.5
Stealth        | |  2.4

Action                   |  1- 3 |  4- 6 || total
-------------------------+-------+-------++-------
Melee: Unarmed           |     1 |    22 ||    23
 Cast: Summon Small Mamm |    38 |       ||    38
       Call Imp          |    24 |    38 ||    62
       Summon Ice Beast  |       |     6 ||     6
       Summon Lightning  |       |     3 ||     3
  Use: Scroll            |     4 |     9 ||    13
  Eat: Chunk             |     4 |     5 ||     9
       Ration            |       |     1 ||     1
Armor: Robe              |     1 |    13 ||    14
Dodge: Dodged            |     8 |    78 ||    86

Table legend:
 A = Spawn XP
 B = Non-spawn XP
 C = Spawn XP percentage of total XP
 D = Spawn monster count
 E = Non-spawn monster count
 F = Spawn count percentage of total count
 G = Total turns spent on level
                    A         B        C        D         E        F      G
               +---------+---------+-------+---------+---------+-------+---------
         Total |       0 |     365 |   0.0 |       0 |      98 |   0.0 |  3927
               +---------+---------+-------+---------+---------+-------+---------
           D:1 |       0 |      14 |   0.0 |       0 |       9 |   0.0 |   943
           D:2 |       0 |      53 |   0.0 |       0 |      31 |   0.0 |   831
           D:3 |       0 |     113 |   0.0 |       0 |      27 |   0.0 |   540
           D:4 |       0 |      69 |   0.0 |       0 |      21 |   0.0 |   834
           D:5 |       0 |      58 |   0.0 |       0 |       4 |   0.0 |   491
         Sewer |       0 |      58 |   0.0 |       0 |       6 |   0.0 |   288
               +---------+---------+-------+---------+---------+-------+---------
